 Dungeon Crawl Stone Soup version 0.30-a0-972-gf3ab3527aa (webtiles) character file.

Game seed: 1648172749816298022

2081 person50605 the Poker (level 9, -3/59 HPs)
             Began as a Demonspawn Gladiator on Mar 31, 2023.
             Was a Follower of Hepliaklqana.
             Slain by a killer bee (4 damage)
             ... on level 7 of the Dungeon on Apr 3, 2023.
             The game lasted 00:41:04 (5918 turns).

person50605 the Poker (Demonspawn Gladiator)        Turns: 5918, Time: 00:41:04

Health: -3/59      AC:  6    Str: 19    XL:     9   Next: 6%
Magic:  9/9        EV: 13    Int:  9    God:    Hepliaklqana [*.....]
Gold:   291        SH:  0    Dex: 19    Spells: 8/8 levels left

rFire   + + .      SeeInvis .    a - +0 trident (protect)
rCold   . . .      Faith    .    (no shield)
rNeg    . . .      Spirit   .    f - +2 leather armour {Will+}
rPois   .          Reflect  .    c - +0 helmet
rElec   .          Rampage  .    (no cloak)
rCorr   .                        (no gloves)
Will    +....                    (no boots)
Stlth   +++++                    G - amulet of regeneration
HPRegen 1.09/turn                g - ring of protection from fire
MPRegen 0.11/turn                J - ring of protection from fire

@: brilliant, lethally poisoned (-3 -> -4), about to teleport
A: reduced essence, thin skeletal structure 2, demonic guardian 1, foul stench
1, demonic touch 1
a: Renounce Religion, Recall Ancestor, Ancestor Identity


You were on level 7 of the Dungeon.
You worshipped Hepliaklqana.
Hepliaklqana was aware of your devotion.
You visited 2 branches of the dungeon, and saw 8 of its levels.

You collected 291 gold pieces.

Inventory:

Hand Weapons
 a - a +0 trident of protection (weapon)
Missiles
 d - 3 throwing nets (quivered)
 e - a javelin
 h - 43 stones
 k - 2 datura-tipped darts
Armour
 b - a +0 leather armour
 c - a +0 helmet (worn)
 f - a +2 leather armour of willpower (worn)
 B - an orb of guile
Jewellery
 g - a ring of protection from fire (left hand)
 i - an amulet of faith
 l - an amulet of reflection
 p - a ring of wizardry
 G - an amulet of regeneration (around neck)
 J - a ring of protection from fire (right hand)
Wands
 F - a wand of iceblast (5)
Scrolls
 n - 4 scrolls of teleportation
 o - 2 scrolls of amnesia {unknown}
 w - 2 scrolls of enchant weapon {unknown}
 y - 2 scrolls of torment {unknown}
 z - a scroll of fear {unknown}
 A - a scroll of fog {unknown}
 C - 2 scrolls of noise
 D - 2 scrolls of poison {unknown}
 I - a scroll of vulnerability
 L - a scroll of identify
Potions
 m - 2 potions of mutation
 q - 4 potions of haste {unknown}
 r - 4 potions of brilliance
 s - 2 potions of berserk rage {unknown}
 t - 2 potions of resistance {unknown}
 u - a potion of lignification {unknown}
 v - a potion of magic {unknown}
 x - a potion of invisibility {unknown}
 E - a potion of flight {unknown}
 H - 2 potions of curing {unknown}
 K - 2 potions of attraction {unknown}


   Skills:
 + Level 4.7 Fighting
 + Level 7.9 Polearms
 - Level 1.8 Throwing
 + Level 3.7 Armour
 + Level 3.7 Dodging
 + Level 5.1 Stealth
 + Level 1.0 Shields


You had 8 spell levels left.
You didn't know any spells.
Your spell library contained the following spells:

 Spells                   Type           Power      Damage    Failure   Level
 Inner Flame              Hex/Fire       0%         N/A       80%         3
 Cause Fear               Hex            0%         N/A       99%         4
 Discord                  Hex            0%         N/A       100%        8


Dungeon Overview and Level Annotations

Branches:
Dungeon (7/15)             Temple (1/1) D:5

Altars:
Cheibriados
Dithmenos
Hepliaklqana
Kikubaaqudgha
Qazlal
Ru
Uskayaw

Shops:
D:1 *   D:4 :   D:7 [


Innate Abilities, Weirdness & Mutations

Your life essence is reduced to manifest your ancestor. (-10% HP)
You have a moderately thin skeletal structure. (Dex +4, Stealth++)
A weak demonic guardian rushes to your aid.
You may rarely emit foul miasma when damaged in melee.
Your touch may inflict minor irresistible damage on your foes.


Message History

Your quasit misses the killer bee.
Something completely misses your quasit.
The killer bee closely misses you. Something barely misses your quasit.
Something stings your quasit.
Your quasit dies!
Your quasit disappears in a puff of smoke!
The killer bee closely misses you.
You miss the killer bee.
The killer bee is moderately wounded.
The killer bee stings you but does no damage.
The killer bee closely misses you.
The killer bee stings you but does no damage. x2
The killer bee attacks as you move away!
The killer bee stings you but does no damage.
The killer bee barely misses you.
You miss the killer bee. Your touch misses the killer bee.
The killer bee is moderately wounded.
The killer bee stings you but does no damage.
You closely miss the killer bee.
The killer bee is moderately wounded.
The killer bee barely misses you. The killer bee stings you.
You miss the killer bee.
You touch the killer bee!
The killer bee is almost dead.
The killer bee misses you. The killer bee stings you!
* * * LOW HITPOINT WARNING * * *
You are poisoned.
The killer bee poisons you! The killer bee closely misses you.
The killer bee stings you but does no damage.
As you read the scroll of teleportation, it crumbles to dust.
You feel strangely unstable.
You feel very sick. The killer bee stings you!
* * * LOW HITPOINT WARNING * * *
The killer bee closely misses you. The killer bee misses you.
The killer bee barely misses you.
It was a potion of brilliance.
You feel clever all of a sudden.
* * * LOW HITPOINT WARNING * * *
You feel sick. The killer bee closely misses you. The killer bee stings you.
You die...

#..# #.## #.....###.. #.
...#####.#.#......
###.......#.##...#.
#.####.........##
#.#....####......
##...##.# #...#..# #...#
#)#...####.# #..# ##.#.##
#.. ### #@y###..#.# #..
... ###y###..##.### #.#
#.####!yy##..#..........#
#...#...##........#######
#.#.###........#.###### #
.∩..'.....######.# #
#.#.#....†.# #.# .
#....y§# #y#.^ #.
##....#$#'''### ..


You could see 4 killer bees.

Vanquished Creatures
  Grinder (D:4)
  A steam dragon (D:7)
  Menkaure (D:6)
  2 water moccasins (D:7)
  A sky beast (D:7)
  2 ice beasts
  An ogre (D:6)
  A centaur (D:7)
  A phantom (D:6)
  Blork the orc (D:4)
  2 bullfrogs (D:7)
  2 killer bees (D:7)
  A howler monkey (D:6)
  2 hounds (D:5)
  A jelly (D:6)
  An orc priest (D:7)
  A sleepcap (D:7)
  Terence (D:3)
  An iguana (D:5)
  4 orc wizards
  Robin (D:2)
  6 adders
  A white imp (D:7)
  An ufetubus (D:6)
  A worm (D:2)
  3 dart slugs
  7 orcs
  9 ball pythons
  9 bats
  9 endoplasms
  7 giant cockroaches
  14 goblins
  9 hobgoblins
  8 jackals
  6 kobolds
  3 quokkas
  3 frilled lizards
  A rat (D:1)
126 creatures vanquished.

Vanquished Creatures (collateral kills)
  A bullfrog (D:7)
  A killer bee (D:7)
  An orc (D:7)
  A kobold (D:1)
  A rat (D:1)
5 creatures vanquished.

Vanquished Creatures (others)
  3 ancestors (D:7)
3 creatures vanquished.

Grand Total: 134 creatures vanquished

Notes
Turn   | Place    | Note
-------+----------+-------------------------------------------
     0 | D:1      | person50605 the Demonspawn Gladiator began the quest for
                  | the Orb.
     0 | D:1      | Reached XP level 1. HP: 16/16 MP: 1/1
   288 | D:1      | Gained mutation: You have a somewhat thin skeletal
                  | structure. (Dex +2, Stealth+) [demonic ancestry]
   288 | D:1      | Reached XP level 2. HP: 19/22 MP: 2/2
   315 | D:1      | Reached skill level 3 in Polearms
   427 | D:1      | Found Jiub's General Store.
   705 | D:1      | Reached XP level 3. HP: 28/28 MP: 3/3
  1035 | D:2      | Gained mutation: You may rarely emit foul miasma when
                  | damaged in melee. [demonic ancestry]
  1035 | D:2      | Reached XP level 4. HP: 34/34 MP: 4/4
  1199 | D:2      | Noticed Robin
  1205 | D:2      | Killed Robin
  1301 | D:2      | Reached skill level 4 in Polearms
  1312 | D:2      | Found a faded altar of an unknown god.
  1453 | D:2      | Reached skill level 1 in Stealth
  1787 | D:3      | Gained mutation: Your touch may inflict minor irresistible
                  | damage on your foes. [demonic ancestry]
  1787 | D:3      | Reached XP level 5. HP: 40/40 MP: 5/5
  1884 | D:3      | Noticed Terence
  1894 | D:3      | Killed Terence
  1895 | D:3      | Reached skill level 1 in Armour
  2656 | D:4      | Noticed Blork the orc
  2668 | D:4      | Killed Blork the orc
  2690 | D:4      | Found Patarir's Book Emporium.
  3021 | D:4      | Noticed Grinder
  3046 | D:4      | Killed Grinder
  3047 | D:4      | Reached XP level 6. HP: 36/47 MP: 6/6
  3427 | D:5      | Entered Level 5 of the Dungeon
  3427 | D:5      | Noticed an ice beast
  3433 | D:5      | Killed an ice beast
  3434 | D:5      | Reached skill level 5 in Polearms
  3434 | D:5      | Gained mutation: A weak demonic guardian rushes to your
                  | aid. [demonic ancestry]
  3434 | D:5      | Reached XP level 7. HP: 52/52 MP: 7/7
  3993 | D:5      | Found a staircase to the Ecumenical Temple.
  3999 | Temple   | Entered the Ecumenical Temple
  4133 | Temple   | Became a worshipper of Hepliaklqana the Forgotten
  5048 | D:6      | Found a stormy altar of Qazlal.
  5067 | D:6      | Noticed Menkaure
  5079 | D:6      | Killed Menkaure
  5080 | D:6      | Gained mutation: You have a moderately thin skeletal
                  | structure. (Dex +4, Stealth++) [demonic ancestry]
  5080 | D:6      | Reached XP level 8. HP: 60/60 MP: 8/8
  5154 | D:6      | Reached * piety under Hepliaklqana
  5370 | D:6      | Reached skill level 6 in Polearms
  5397 | D:6      | Reached skill level 1 in Shields
  5540 | D:7      | Reached skill level 7 in Polearms
  5770 | D:7      | Reached skill level 5 in Stealth
  5877 | D:7      | Found Tagoer's Antique Armour Shop.
  5897 | D:7      | Reached XP level 9. HP: 41/59 MP: 9/9
  5917 | D:7      | HP: 2/59 [killer bee (8)]
  5918 | D:7      | Slain by a killer bee

Illustrated notes

Levels and vault maps discovered:
D:1:      matt_arrival_grand_opening, layout_basic, serial_shops,
          nicolae_shop_waterfront, minivault_26
D:2:      layout_loops_ring, hellmonk_ecumenical_altar_crossroads,
          kennysheep_generic_room_4, uniq_robin
D:3:      layout_basic, uniq_terence
D:4:      layout_cave_pods, serial_shops, nicolae_shop_advertising_works
          [nicolae_subvault_shop_adworks], uniq_grinder, uniq_blork_the_orc
D:5:      layout_basic, temple_green, bh_walls_and_bars
D:6:      layout_basic, nicolae_qazlal_scattered_showers, uniq_menkaure
D:7:      layout_rooms, serial_shops, kennysheep_little_box, eino_jars
Temple:   minmay_temple_curvy_loop

Skill      XL: |  1  2  3  4  5  6  7  8 |
---------------+-------------------------+-----
Polearms       | 3 4 5 7 |  7.9
Dodging        | 3 |  3.7
Stealth        | 1 2 4 5 |  5.1
Fighting       | 3 4 |  4.7
Armour         | 2 3 |  3.7
Shields        | 1 |  1.0
Throwing       | |  1.8

Action                     |  1- 3 |  4- 6 |  7- 9 || total
---------------------------+-------+-------+-------++-------
  Melee: Trident           |   129 |   154 |   182 ||   465
         Touch             |       |    17 |    24 ||    41
         Punch             |       |     1 |     3 ||     4
    Use: Scroll            |     5 |     2 |     2 ||     9
         Potion            |       |       |     1 ||     1
   Stab: Sleeping          |     5 |    10 |     6 ||    21
 Armour: Leather armour    |    42 |    28 |    62 ||   132
  Dodge: Dodged            |    63 |    55 |   106 ||   224
  Block: Other             |       |    16 |     4 ||    20

Table legend: (Time is in decaauts)
 A = Elapsed time spent in this place.
 B = Non-inter-level travel time spent in this place.
 C = Inter-level travel time spent in this place.
 D = Time resting spent in this place.
 E = Time spent auto-exploring this place.
 F = Levels seen in this place.
 G = Mean time per level.
                   A        B        C        D        E       F      G
               +--------+--------+--------+--------+--------+-----+--------+
         Total |   5947 |   5753 |    194 |    109 |   1947 |   8 |  743.4 |
       Dungeon |   5774 |   5583 |    191 |    109 |   1947 |   7 |  824.9 |
        Temple |    172 |    169 |      3 |      0 |      0 |   1 |  172.0 |
               +--------+--------+--------+--------+--------+-----+--------+

Top non-repeatable levels by time:
     D:6: 1040 daAuts
     D:4: 931 daAuts
     D:2: 914 daAuts
     D:5: 827 daAuts
     D:1: 824 daAuts
     D:3: 789 daAuts
     D:7: 446 daAuts
  Temple: 172 daAuts
